 Dungeon Crawl Stone Soup version 0.20.1-1-g8b1a95d (webtiles) character file.

399 Ijustatesigmund the Skirmisher (level 6, -13/45 HPs)
             Began as an Octopode Assassin on Sept 23, 2017.
             Mangled by an ogre
             ... wielding a +0 giant club
              (30 damage)
             ... on level 4 of the Dungeon.
             The game lasted 00:05:39 (2620 turns).

Ijustatesigmund the Skirmisher (Octopode Assassin)  Turns: 2620, Time: 00:05:40

Health: -13/45     AC:  1    Str: 10    XL:     6   Next: 84%
Magic:  6/6        EV: 13    Int: 14    God:
Gold:   137        SH:  0    Dex: 15    Spells: 4/5 levels left

rFire    . . .     SeeInvis .   a - +2 mace (crush)
rCold    . . .     Gourm    .   (no shield)
rNeg     . . .     Faith    .   (helmet restricted)
rPois    .         Spirit   .   (no amulet)
rElec    .         Reflect  .   (no ring)
rCorr    .         Harm     .   (no ring)
MR       .....                  (no ring)
Stlth    ++++......             (no ring)
Regen    0.2/turn               (no ring)
MPRegen  0.1/turn               (no ring)
                                (no ring)
                                (no ring)

@: no status effects
A: almost no armour, stealthy swim, amphibious, 8 rings, constrict 8, camouflage
1, gelatinous body 1
a: no special abilities


You were on level 4 of the Dungeon.
You were not hungry.

You visited 1 branch of the dungeon, and saw 4 of its levels.

You collected 137 gold pieces.

Inventory:

Hand Weapons
 a - a +2 mace of crushing (weapon)
 b - a +0 blowgun
 l - a +1 vampiric short sword
Missiles
 c - 33 poisoned needles
 d - 2 curare-tipped needles
 o - a throwing net (quivered)
Wands
 e - a wand of acid (9/15)
Scrolls
 i - 2 scrolls of blinking
 k - 5 scrolls of remove curse
 q - 2 scrolls of identify
 s - a scroll of enchant armour
Potions
 m - a potion of curing
 r - a potion of ambrosia
Books
 n - a book of Minor Magic

   Spells                             Type                      Level
   a - Magic Dart                     Conjuration                  1
   b - Blink                          Translocation                2
   c - Call Imp                       Summoning                    2
   d - Slow                           Hexes                        2
   e - Conjure Flame                  Conjuration/Fire             3
   f - Mephitic Cloud                 Conjuration/Poison/Air       3
Comestibles
 f - 4 bread rations
 g - 7 fruits
 h - 4 chunks of flesh
 j - 3 royal jellies


   Skills:
 + Level 5.6 Fighting
 - Level 2.0 Short Blades
 + Level 4.0 Maces & Flails
 - Level 2.0 Throwing
 - Level 1.0 Dodging
 - Level 5.3 Stealth


You had 4 spell levels left.
You knew the following spells:

 Your Spells              Type           Power        Failure   Level  Hunger
a - Magic Dart            Conj           #...         28%         1    ##.....


Dungeon Overview and Level Annotations

Branches:
Dungeon (4/15)
 Temple: D:4-7

Altars:
Elyvilon


Innate Abilities, Weirdness & Mutations

You cannot wear most types of armour.
You are very stealthy in the water. (Stealth+)
You are amphibious.
You can wear up to eight rings at the same time.
You can use your tentacles to constrict eight enemies at once.
Your skin changes colour to match your surroundings (Stealth+).
Your rubbery body absorbs attacks. (AC +1, EV +1)


Message History

The ogre barely misses you.
You hit the ogre. You squeeze the ogre.
The ogre is heavily wounded.
You hear the hiss of a very distant avalanche of sand.
The ogre hits you with a giant club!
You are too injured to fight recklessly!
You are too injured to fight recklessly!
You are too injured to fight recklessly!
You are too injured to fight recklessly!
You are too injured to fight recklessly!
You are too injured to fight recklessly!
An ogre is nearby!
You sock the ogre!
The ogre is almost dead.
The ogre completely misses you.
You hit the ogre. You squeeze the ogre.
The ogre is almost dead.
The ogre hits you with a giant club!!
Ouch! That really hurt!
You die...

### ..# #.# #
####O#######
#.#...@......#
#.#.##.#####.)
#......#
###)#### #...#
#.### #.# #.#
#.#


You could see an ogre.

Vanquished Creatures
  Grinder (D:4)
  An ogre (D:4)
  An orc priest (D:3)
  5 adders
  An ooze (D:1)
  5 orcs (D:3)
  A ball python (D:1)
  8 bats
  6 giant cockroaches
  7 goblins
  5 hobgoblins
  5 kobolds
  3 frilled lizards (D:1)
  A quokka skeleton (D:4)
  5 rats
55 creatures vanquished.

Vanquished Creatures (others)
  A leopard gecko (D:2)
1 creature vanquished.

Grand Total: 56 creatures vanquished

Notes
Turn   | Place    | Note
-------+----------+-------------------------------------------
     0 | D:1      | Ijustatesigmund the Octopode Assassin began the quest for the Orb.
     0 | D:1      | Reached XP level 1. HP: 14/14 MP: 1/1
   325 | D:1      | Reached XP level 2. HP: 20/20 MP: 2/2
   428 | D:1      | You fall through a shaft!
   433 | D:2      | Learned a level 1 spell: Magic Dart
   865 | D:2      | Found a white marble altar of Elyvilon.
   897 | D:2      | Reached XP level 3. HP: 26/26 MP: 3/3
  1650 | D:3      | Reached skill level 1 in Maces & Flails
  1650 | D:3      | Reached XP level 4. HP: 24/33 MP: 4/4
  2156 | D:3      | Reached XP level 5. HP: 23/38 MP: 5/5
  2536 | D:4      | Noticed Grinder
  2541 | D:4      | Paralysed by Grinder for 2 turns
  2549 | D:4      | Killed Grinder
  2549 | D:4      | Reached skill level 5 in Fighting
  2549 | D:4      | Reached XP level 6. HP: 19/45 MP: 6/6
  2620 | D:4      | Mangled by an ogre

Skill      XL: |  1  2  3  4  5  6 |
---------------+-------------------+-----
Fighting       | 3 4 5 |  5.6
Maces & Flails | 1 2 3 4 |  4.0
Short Blades   | |  2.0
Throwing       | |  2.0
Dodging        | |  1.0
Stealth        | |  5.3

Action                   |  1- 3 |  4- 6 || total
-------------------------+-------+-------++-------
Melee: Dagger            |    44 |       ||    44
       Constrict         |    10 |    13 ||    23
       Tentacles         |     4 |     8 ||    12
       Whip              |    10 |     7 ||    17
       Mace              |       |    32 ||    32
       Short sword       |       |     9 ||     9
  Use: Scroll            |     6 |       ||     6
       Potion            |     5 |     2 ||     7
 Stab: Sleeping          |    16 |     9 ||    25
  Eat: Chunk             |     2 |     3 ||     5
       Bread ration      |       |     1 ||     1
Armor: Skin              |     5 |     4 ||     9
Dodge: Dodged            |    38 |    25 ||    63
